 Dungeon Crawl Stone Soup version 0.18.1-50-g88ac8fd (webtiles) character file.

2202 ololoev the Chopper (level 9, 24/69 HPs)
             Began as a Demonspawn Fighter on Oct 13, 2016.
             Quit the game on level 7 of the Dungeon.
             The game lasted 00:17:14 (2459 turns).

ololoev the Chopper (Demonspawn Fighter)            Turns: 2459, Time: 00:17:15

Health: 24/69      AC: 15    Str: 19    XL:     9   Next: 12%
Magic:  12/12      EV:  8    Int: 11    God:
Gold:   658        SH:  0    Dex: 12    Spells: 0 memorised, 8 levels left

rFire  . . .     SeeInvis .     a - +0 war axe
rCold  . . .     Gourm    .     h - +0 plate armour {rPois}
rNeg   . . .     Faith    .     (no shield)
rPois  +         Spirit   +     (no helmet)
rElec  .         Dismiss  .     d - +0 cloak
rCorr  .         Reflect  .     b - +0 pair of gloves
SustAt +         Harm     .     (no boots)
MR     .....                    l - amulet of rage
Stlth  ..........               u - ring of wizardry
                                e - ring of sustain attributes

@: not resistant to hostile enchantments, extremely unstealthy
A: spiny 1, magic shield, magic regeneration, magic link, sturdy frame 2
a: Evoke Berserk Rage


Innate Abilities, Weirdness & Mutations

You are partially covered in sharp spines.
When hurt, damage is shared between your health and your magic reserves.
You regenerate magic rapidly.
When low on magic, you restore magic in place of health.
Your movements are less encumbered by armour (ER -4).

Inventory:

Hand Weapons
 a - a +0 war axe (weapon)
Armour
 b - a +0 pair of gloves (worn)
 d - a +0 cloak (worn)
 h - a +0 plate armour of poison resistance (worn)
Jewellery
 e - a ring of sustain attributes (left hand)
 l - an amulet of rage (around neck)
 u - a ring of wizardry (right hand)
Wands
 r - a wand of flame (14/48)
 v - a wand of confusion (26/48)
 y - a wand of iceblast (10/15)
 F - a wand of teleportation (1/9)
Scrolls
 g - 3 scrolls of teleportation
 j - 2 scrolls of immolation
 m - a scroll of enchant armour
 n - 2 scrolls of remove curse
 s - 2 scrolls of recharging {unknown}
 w - a scroll of magic mapping {unknown}
 E - 2 scrolls of amnesia {unknown}
Potions
 c - a potion of magic {unknown}
 i - 2 potions of degeneration {unknown}
 o - a potion of cancellation {unknown}
 t - 2 potions of agility
 x - a potion of flight {unknown}
 z - a potion of curing
 A - 2 potions of invisibility {unknown}
 C - a potion of heal wounds
 D - a potion of mutation {unknown}
 G - a potion of might
Comestibles
 f - 4 bread rations
 k - 4 fruits
 p - a meat ration
 q - a beef jerky
 B - a chunk of flesh


   Skills:
 + Level 6.2 Fighting
 * Level 7.3 Axes
 + Level 5.6 Armour
   Level 2.6 Shields
 + Level 5.0 Evocations


You had 8 spell levels left.
You didn't know any spells.


You were on level 7 of the Dungeon.
You were not hungry.

You visited 2 branches of the dungeon, and saw 8 of its levels.
You also visited: Ossuary.

You collected 658 gold pieces.

#...#.# #.#
#.#.#.# #.#
#.#.#<#.# #.#
#.#...#.#.# # #.#
#.#.#.#.#.# # #.#
#.#.#.#.#.# # #.#
#.###.#.#.# # #.#
#.#.....#.# #
#@####.#######.# #
#..............###
######............
#############

Notes
Turn   | Place    | Note
--------------------------------------------------------------
     0 | D:1      | ololoev the Demonspawn Fighter began the quest for the Orb.
     0 | D:1      | Reached XP level 1. HP: 18/18 MP: 1/1
    12 | D:1      | Reached skill level 2 in Axes
    71 | D:1      | Gained mutation: When hurt, damage is shared between your health and your magic reserves. [demonic ancestry]
    71 | D:1      | Reached XP level 2. HP: 10/24 MP: 2/2
   494 | D:2      | Gained mutation: Your movements are slightly less encumbered by armour (ER -2). [demonic ancestry]
   494 | D:2      | Reached XP level 3. HP: 23/29 MP: 3/3
   595 | D:3      | Gained mutation: You regenerate magic rapidly. [demonic ancestry]
   595 | D:3      | Reached XP level 4. HP: 28/37 MP: 2/4
   598 | D:3      | Reached skill level 1 in Evocations
   674 | D:3      | Reached skill level 3 in Axes
   749 | D:5      | Entered Level 5 of the Dungeon
   762 | D:5      | Gained mutation: Your movements are less encumbered by armour (ER -4). [demonic ancestry]
   762 | D:5      | Reached XP level 5. HP: 23/42 MP: 4/6
   769 | D:5      | Noticed an ice beast
   783 | D:5      | Killed an ice beast
   783 | D:5      | Reached XP level 6. HP: 24/48 MP: 3/7
   882 | D:5      | Noticed Grinder
   887 | D:5      | Paralysed by Grinder for 6 turns
   906 | D:5      | Paralysed by Grinder for 6 turns
   923 | D:5      | Reached skill level 4 in Axes
   925 | D:5      | Paralysed by Grinder for 5 turns
   941 | D:5      | Paralysed by Grinder for 2 turns
   946 | D:5      | Killed Grinder
   946 | D:5      | Gained mutation: When low on magic, you restore magic in place of health. [demonic ancestry]
   946 | D:5      | Reached XP level 7. HP: 28/55 MP: 7/9
  1098 | D:3      | Noticed Terence
  1114 | D:3      | Killed Terence
  1180 | D:4      | Noticed Crazy Yiuf
  1187 | D:4      | Killed Crazy Yiuf
  1457 | D:4      | Reached skill level 5 in Axes
  1501 | D:4      | Iwannabefree: как мутировал?
  1513 | D:4      | ololoev: пока черте как
  1513 | D:4      | ololoev: спирит
  1513 | D:4      | ololoev: -энкумб
  1544 | D:5      | Reached skill level 5 in Fighting
  1553 | D:5      | Iwannabefree: -enc topovy
  1569 | D:5      | ololoev: +10AC topovy
  1598 | D:5      | Found a staircase to the Ecumenical Temple.
  1601 | D:5      | Iwannabefree: +9%hp tozhe
  1607 | Temple   | Entered the Ecumenical Temple
  1647 | Temple   | ololoev: +7% zhe
  1647 | Temple   | ololoev: ??rugged
  1647 | Temple   | beem: I don't have a page labeled rugged in my learndb.
  1767 | D:6      | Found a sacrificial altar of Ru.
  1821 | D:6      | Found a sand-covered staircase.
  1838 | Ossuary  | Entered an ossuary
  2078 | D:6      | Gained mutation: You are partially covered in sharp spines. [demonic ancestry]
  2078 | D:6      | Reached XP level 8. HP: 40/62 MP: 8/10
  2138 | D:6      | Reached skill level 6 in Axes
  2151 | D:6      | Reached skill level 5 in Armour
  2336 | D:7      | Reached skill level 7 in Axes
  2336 | D:7      | Reached XP level 9. HP: 34/69 MP: 12/12
  2345 | D:7      | Reached skill level 5 in Evocations
  2459 | D:7      | Quit the game

Dungeon Overview and Level Annotations

Branches:
Dungeon (7/15)             Temple (1/1) D:5

Altars:
Ashenzari
Elyvilon
Kikubaaqudgha
Nemelex Xobeh
Okawaru
Pakellas
Qazlal
Ru
Trog
Vehumet
Xom
Yredelemnul
The Shining One


Message History

The hungry ghost misses you. The orc is struck by your spines.
The orc hits you but does no damage.
You miss the hungry ghost.
The hungry ghost is almost destroyed.
You slash the orc!
You kill the orc!
The hungry ghost is struck by your spines.
You destroy the hungry ghost!
Your Evocations skill increases to level 5!
You closely miss the howler monkey.
The howler monkey is almost dead.
The howler monkey is struck by your spines.
You kill the howler monkey!
You see here a howler monkey corpse.
You butcher the howler monkey corpse.
An orc comes into view. It is wielding a war axe.
Eat one of 3 chunks of flesh? (ye/n/q/i?) This raw flesh tastes terrible.
You are near starving!
The orc shouts!
You continue eating. x2
Magic restored.
Unknown command.
Eat one of 2 chunks of flesh? (ye/n/q/i?) This raw flesh tastes terrible.
You are feeling hungry.
The howler monkey howls!
The howler monkey hoots and howls with incredible vigour!
You continue eating.
All of the chunks of flesh in your inventory have rotted away.
You continue eating.
You slash the orc!
You kill the orc!
Unknown command.
Eat a chunk of flesh? (ye/n/q/i?) This raw flesh tastes terrible.
You continue eating. x2
The howler monkey is struck by your spines.
The howler monkey hits you but does no damage.
The howler monkey bites you but does no damage.
You hit the howler monkey.
The howler monkey is severely wounded.
The howler monkey hits you but does no damage.
The howler monkey bites you but does no damage.
You closely miss the howler monkey.
The howler monkey is severely wounded.
The howler monkey is struck by your spines.
You kill the howler monkey!
Things that are here:
a club; a howler monkey corpse You butcher the howler monkey corpse.
B - a chunk of flesh
Things that are here:
a club; a howler monkey skeleton
Found a bread ration and a chain mail.
Found an escape hatch in the ceiling.
Found a papyrus book.
f - 4 bread rations (gained 1)
An electric eel comes into view.
You see here a papyrus book.
G - a book of Changes The electric eel shoots out a bolt of lightning at you!
The bolt of electricity hits you!
The electric eel shoots out a bolt of lightning at you!
The bolt of electricity hits you!
The electric eel shoots out a bolt of lightning at you!
The bolt of electricity hits you!
The electric eel shoots out a bolt of lightning at you!
The bolt of electricity hits you!
You drop a book of Changes.
Things that are here:
a club; a howler monkey skeleton
Items here: )) [ † a war axe; a leather armour; a hand axe; an orc corpse
Items here: )) [ † a dagger of venom; a whip; a ring mail; an orc corpse
G - a potion of might You see here a poisoned needle.
You see here a poisoned needle.
Are you sure you want to abandon this character and quit the game? (Confirm with "yes".)

There were no monsters in sight!

Vanquished Creatures
  Grinder (D:5)
  A hippogriff (D:7)
  A hungry ghost (D:7)
  A steam dragon (D:7)
  An ice beast (D:5)
  2 phantoms
  2 centaurs (D:6)
  A big kobold (D:7)
  2 giant frogs (D:6)
  A scorpion (D:5)
  4 howler monkeys (D:7)
  3 crimson imps (D:5)
  A hound (D:6)
  2 orc priests (D:7)
  A giant frog skeleton (D:5)
  Crazy Yiuf (D:4)
  Terence (D:3)
  An iguana (D:3)
  5 orc wizards
  4 worker ants
  A hound zombie (D:5)
  8 mummies (Ossuary)
  A worker ant zombie (D:5)
  5 adders
  A shadow imp (D:6)
  An adder skeleton (D:4)
  A worm (D:4)
  A giant gecko (D:2)
  16 orcs
  6 bats
  2 giant cockroaches
  A gnoll zombie (Ossuary)
  4 goblins
  5 hobgoblins
  7 jackals
  A quokka (D:6)
  3 ball pythons
  3 giant newts
  2 hobgoblin zombies (Ossuary)
  2 kobolds (D:7)
  3 kobold zombies (Ossuary)
  2 orc zombies (Ossuary)
  A quokka zombie (D:6)
  5 rats
  A rat zombie (D:6)
119 creatures vanquished.

Action                   |  1- 3 |  4- 6 |  7- 9 || total
-------------------------+-------+-------+-------++-------
Melee: War axe           |    87 |    70 |   190 ||   347
Throw: Throwing net      |       |       |     2 ||     2
 Abil: Evoke Berserk Rag |     1 |     3 |     1 ||     5
Evoke: Wand              |       |       |     6 ||     6
  Use: Potion            |       |     3 |     1 ||     4
       Scroll            |       |       |     9 ||     9
 Stab: Held in net/web   |       |       |     3 ||     3
  Eat: Chunk             |       |     2 |     5 ||     7
       Meat ration       |       |       |     1 ||     1
Armor: Scale mail        |    53 |    53 |       ||   106
       Plate armour      |       |       |   148 ||   148
       Ring mail         |       |       |    18 ||    18
       Chain mail        |       |       |    11 ||    11
Dodge: Dodged            |    31 |    38 |    74 ||   143
Block: Shield            |    63 |    54 |    33 ||   150

Vault maps used:
D:1:      mrwooster_arrival_statue
D:3:      first_bread, uniq_terence
D:4:      uniq_crazy_yiuf_cottage, uniq_sigmund
D:5:      minmay_temple_entry_grid, eino_small_chamber_without_monster,
          uniq_grinder
D:6:      enter_ossuary_4, basic_altar
D:7:      grunt_livestock, serial_bayou_lake_a
Temple:   water_room_temple_b_12
Ossuary:  ossuary_tomb_3
